AoeStats
← Blowie

Arabia

506190586Analyzed
1v1 RM · 20d ago on Sep 12, 2026· 60m 19s· 2 players
Game mode
Random Map
Map size
Tiny (2 player)
Population
200
Speed
Normal
Resources
Standard
Victory
Conquest
Starting age
Dark Age
Ending age
Imperial Age
RankedLock teamsTeams togetherTeam positionsShared explorationLock speedFull tech treeHidden civsTurbo modeCheats
Victory
Defeat
🇵🇾 Persians · Paraguay
944
+17
🇧🇪 Japanese · Belgium
956
-17
Raston
5:26 Loom
10:21 Feudal Age
10:56 Double-Bit Axe
16:14 Horse Collar
21:21 Castle Age
20:33 Bloodlines
21:20 Bloodlines
22:10 Wheelbarrow
22:38 Fletching
24:11 Bow Saw
24:36 Bodkin Arrow
26:56 Husbandry
30:00 Ballistics
34:54 Imperial Age
32:52 Padded Archer Armor
38:37 Light Cavalry
39:31 Forging
39:27 Scale Barding Armor
40:03 Thumb Ring
49:27 Chemistry
50:23 Hand Cart
Blowie
8:52 Loom
12:37 Feudal Age
13:56 Horse Collar
14:05 Double-Bit Axe
20:36 Castle Age
20:03 Gold Mining
20:34 Forging
20:40 Town Watch
24:00 Bow Saw
23:51 Heavy Plow
23:45 Pikeman
26:23 Scale Barding Armor
28:38 Wheelbarrow
27:59 Elite Skirmisher
28:48 Padded Archer Armor
28:39 Fletching
28:53 Padded Archer Armor
30:27 Thumb Ring
31:42 Stone Mining
33:28 Scale Mail Armor
35:34 Ballistics
39:58 Imperial Age
37:39 Bodkin Arrow
40:02 Leather Archer Armor
41:30 Conscription
42:49 Chemistry
41:30 Treadmill Crane
51:59 Bloodlines
51:50 Husbandry
52:56 Capped Ram
55:12 Chain Mail Armor
55:33 Iron Casting
Connection lost

Rejoining the realm…

Still unreachable

The connection could not be restored.

Session expired

The server has moved on; the page needs a fresh start.